 Dungeon Crawl Stone Soup version 0.22-a0-223-g0f5d773 (webtiles) character file.

6054 mortelune the Frost Mage (level 10, -10/63 HPs)
             Began as a Demonspawn Ice Elementalist on Feb 18, 2018.
             Was a Believer of Ashenzari.
             Mangled by a torpor snail (19 damage)
             ... on level 1 of the Lair of Beasts.
             The game lasted 00:44:23 (17744 turns).

mortelune the Frost Mage (DsIE)                    Turns: 17744, Time: 00:44:23

Health: -10/63     AC: 11    Str: 14    XL:     10   Next: 57%
Magic:  21/21      EV: 16    Int: 19    God:    Ashenzari [**....]
Gold:   650        SH:  7    Dex: 14    Spells: 7/23 levels left

rFire    . . .     SeeInvis .   z - +4 long sword of Righteous Anger {venom, MR+} (curse)
rCold    + . .     Gourm    .   k - +2 buckler (curse)
rNeg     . . .     Faith    .   a - +1 robe
rPois    .         Spirit   .   (helmet restricted)
rElec    .         Reflect  .   (no cloak)
rCorr    .         Harm     .   E - +0 pair of gloves
MR       ++...                  (no boots)
Stlth    ++........             (no amulet)
HPRegen  0.20/turn              o - +4 ring of evasion (curse)
MPRegen  0.17/turn              D - ring of protection from magic

@: mighty, icy armour, slowed, very slow
A: antennae 1, claws 1, talons 1, cold resistance 1, powered by pain 1
a: Curse Item, Scrying, Renounce Religion


You were on level 1 of the Lair of Beasts.
You worshipped Ashenzari.
Ashenzari was pleased with you.
You were hungry.

You visited 3 branches of the dungeon, and saw 13 of its levels.

You collected 650 gold pieces.

Inventory:

Hand Weapons
 c - a +0 spear
 p - a +0 trident
 w - a +3 falchion of venom
 z - the cursed +4 long sword of Righteous Anger (weapon) {venom, MR+}
   (You took it off an orc warrior on level 6 of the Dungeon)

   It poisons the flesh of those it strikes.
   It affects your resistance to hostile enchantments.
   It has a curse placed upon it.
Armour
 a - a +1 robe (worn)
 k - a cursed +2 buckler (worn)
 E - a +0 pair of gloves (worn)
Jewellery
 o - a cursed +4 ring of evasion (left hand)
 D - a ring of protection from magic (right hand)
 H - an uncursed ring of wizardry
Wands
 s - a wand of paralysis (17)
 x - a wand of polymorph (36)
 y - a wand of clouds (6)
 B - a wand of scattershot (6)
 C - a wand of iceblast (10)
Scrolls
 d - 2 scrolls of remove curse
 e - 3 scrolls of immolation
 f - 3 scrolls of teleportation
 h - 2 scrolls of enchant armour
 l - a scroll of noise {unknown}
 m - a scroll of fog {unknown}
 u - a scroll of enchant weapon
 v - a scroll of magic mapping {unknown}
 F - a scroll of torment {unknown}
Potions
 g - a potion of berserk rage
 i - a potion of mutation {unknown}
 j - a potion of curing
 n - a potion of might {unknown}
 q - 3 potions of lignification
 r - 2 potions of agility
 t - 2 potions of cancellation {unknown}
 A - a potion of invisibility {unknown}
 G - a potion of flight {unknown}
Comestibles
 b - 15 rations


   Skills:
 - Level 1.7 Dodging
 - Level 1.7 Stealth
 - Level 4.0(5.3) Shields
 + Level 7.4 Spellcasting
 + Level 7.5 Conjurations
 + Level 1.2 Translocations
 * Level 10.2 Ice Magic


You had 7 spell levels left.
You knew the following spells:

 Your Spells              Type           Power        Failure   Level  Hunger
a - Freeze                Ice            ####         1%          1    None
b - Throw Frost           Conj/Ice       #####.       1%          2    None
c - Ozocubu's Armour      Chrm/Ice       ####....     3%          3    #......
d - Throw Icicle          Conj/Ice       #####...     2%          4    ###....
e - Summon Ice Beast      Ice/Summ       ####....     12%         4    ###....
f - Blink                 Tloc           N/A          9%          2    None


Dungeon Overview and Level Annotations

Branches:
Dungeon (11/15)            Temple (1/1) D:5            Lair (1/6) D:9
    Orc: D:9-12

Altars:
Ashenzari
Cheibriados
Okawaru
Qazlal
Ru
Xom
Yredelemnul
The Shining One

Shops:
D:4 [


Innate Abilities, Weirdness & Mutations

You have a pair of small antennae on your head.
You have sharp fingernails.
You have sharp toenails.
Your flesh is cold resistant. (rC+)
You sometimes gain a little power by taking damage.


Message History

The torpor snail dies!
The torpor snail barely misses you.
You riposte.
You hit the torpor snail.
The torpor snail is poisoned.
The torpor snail is lightly wounded.
You slash the torpor snail!
The torpor snail is moderately wounded.
The torpor snail bites you!!
* * * LOW HITPOINT WARNING * * *
You focus on the pain.
You feel your power returning.
Your ice beast hits the torpor snail but does no damage.
You feel better.
The torpor snail bites you but does no damage.
Your ice beast hits the torpor snail but does no damage.
You feel better. The torpor snail bites you!
* * * LOW HITPOINT WARNING * * *
You focus on the pain.
You feel very mighty all of a sudden.
Your ice beast hits the torpor snail but does no damage.
The torpor snail bites you!!
You die...

, ** * , , ,
* * * * **, ,
### ≈ ..## *
* #######.###
,
,_.≈≈≈.Yw@.#
**##≈###.##.#
, * #.# #.#
#. #.# * *
.####.# , ,
.##.##.# * *
* ###...#.#
##.....#
#...####


You could see a torpor snail and a friendly ice beast.

Vanquished Creatures
  A hippogriff (D:7)
  A spriggan (D:7)
  A yak (D:9)
  Eustachio (D:6)
  Menkaure (D:6)
  4 orc warriors
  2 slaves (D:6)
  8 ogres
  2 phantoms
  2 ice beasts
  A black bear (D:8)
  2 sky beasts
  A centaur (D:7)
  A crocodile (Lair:1)
  2 big kobolds
  Blork the orc (D:4)
  3 bullfrogs
  A water moccasin zombie (D:8)
  A scorpion (D:8)
  6 killer bees
  2 howler monkeys
  A crimson imp (D:5)
  A quasit (D:7)
  5 orc priests
  A centaur skeleton (D:8)
  5 hounds
  A jelly (D:7)
  A bullfrog skeleton (D:3)
  9 orc wizards
  3 worker ants
  A hound skeleton (D:7)
  6 adders
  3 gnolls (D:6)
  An adder zombie (D:8)
  3 adder skeletons
  A dart slug (D:1)
  2 worms
  2 leopard geckos
  30 orcs
  5 bats
  2 giant cockroaches
  8 goblins
  5 hobgoblins
  4 jackals (D:2)
  5 quokkas
  3 frilled lizards
  12 kobolds
  A leopard gecko zombie (D:5)
  A quokka skeleton (D:9)
  5 rats
171 creatures vanquished.

Vanquished Creatures (collateral kills)
  2 two-headed ogres
  Pikel (D:6)
  A torpor snail (Lair:1)
  Sigmund (D:2)
  2 yaks (D:9)
  A water moccasin (D:9)
  The ghost of Amnesiac the Conjurer, an amateur DECj (D:3)
  2 killer bees (D:9)
  3 howler monkeys (D:9)
  An adder (D:9)
15 creatures vanquished.

Grand Total: 186 creatures vanquished

Notes
Turn   | Place    | Note
-------+----------+-------------------------------------------
     0 | D:1      | mortelune the Demonspawn Ice Elementalist began the quest for the Orb.
     0 | D:1      | Reached XP level 1. HP: 13/13 MP: 3/3
   337 | D:1      | Reached skill level 3 in Ice Magic
   376 | D:1      | Gained mutation: You have a pair of small antennae on your head. [demonic ancestry]
   376 | D:1      | Reached XP level 2. HP: 19/19 MP: 1/5
   395 | D:1      | Learned a level 2 spell: Throw Frost
  1493 | D:2      | Reached XP level 3. HP: 24/24 MP: 0/7
  1564 | D:2      | Learned a level 3 spell: Ozocubu's Armour
  2292 | D:2      | Noticed Sigmund
  3024 | D:3      | Gained mutation: Your flesh is cold resistant. (rC+) [demonic ancestry]
  3024 | D:3      | Reached XP level 4. HP: 20/30 MP: 5/8
  3445 | D:3      | Noticed Amnesiac's ghost (amateur DECj)
  3631 | D:4      | Reached skill level 4 in Ice Magic
  3769 | D:4      | Noticed an ogre
  3881 | D:4      | Noticed a phantom
  3902 | D:5      | Entered Level 5 of the Dungeon
  3907 | D:5      | Gained mutation: You sometimes gain a little power by taking damage. [demonic ancestry]
  3907 | D:5      | Reached XP level 5. HP: 35/35 MP: 4/9
  4473 | D:5      | Found a staircase to the Ecumenical Temple.
  4568 | Temple   | Entered the Ecumenical Temple
  4575 | Temple   | Became a worshipper of Ashenzari the Shackled
  4881 | D:6      | Reached XP level 6. HP: 39/41 MP: 1/11
  4994 | D:6      | Noticed an orc warrior
  5070 | D:6      | Noticed Eustachio
  5348 | D:6      | Learned a level 4 spell: Throw Icicle
  5466 | D:6      | Noticed a slave
  5466 | D:6      | Noticed a slave
  5466 | D:6      | Noticed a slave
  5467 | D:6      | Noticed Pikel
  5845 | D:4      | Found Fets's Armour Emporium.
  5882 | D:4      | Noticed Blork the orc
  5892 | D:4      | Killed Blork the orc
  5892 | D:4      | Reached skill level 1 in Shields
  5892 | D:4      | Reached skill level 5 in Ice Magic
  6120 | D:4      | Found a sacrificial altar of Ru.
  6197 | D:4      | Reached XP level 7. HP: 22/46 MP: 7/13
  6527 | D:4      | Learned a level 4 spell: Summon Ice Beast
  7944 | D:7      | Reached skill level 6 in Ice Magic
  8137 | D:7      | Reached * piety under Ashenzari
  8675 | D:7      | Gained mutation: You have sharp fingernails. [demonic ancestry]
  8675 | D:7      | Reached XP level 8. HP: 52/52 MP: 8/14
  9108 | D:7      | Noticed a hippogriff
  9431 | D:7      | Reached skill level 5 in Spellcasting
 10174 | D:8      | Noticed a two-headed ogre
 10452 | D:8      | Reached skill level 7 in Ice Magic
 10807 | D:8      | Reached skill level 5 in Conjurations
 11192 | D:8      | Gained mutation: You have sharp toenails. [demonic ancestry]
 11192 | D:8      | Reached XP level 9. HP: 43/57 MP: 14/17
 12043 | D:8      | Reached skill level 8 in Ice Magic
 12251 | D:8      | Killed a two-headed ogre
 12826 | D:9      | Found a staircase to the Lair.
 12831 | D:9      | Noticed a two-headed ogre
 12842 | D:9      | Killed a two-headed ogre
 12842 | D:9      | Reached skill level 9 in Ice Magic
 13039 | D:9      | Reached XP level 10. HP: 23/63 MP: 4/20
 14126 | D:6      | Noticed Menkaure
 14131 | D:6      | Killed Menkaure
 14274 | D:6      | Killed Eustachio
 14422 | D:6      | Killed Pikel
 14511 | D:6      | Got the long sword of Righteous Anger {venom, MR+}
 14736 | D:6      | Identified the +4 long sword of Righteous Anger {venom, MR+} (You took it off an orc warrior on level 6 of the Dungeon)
 15493 | D:3      | Killed Amnesiac's ghost
 15493 | D:3      | Reached skill level 10 in Ice Magic
 16245 | D:2      | Killed Sigmund
 16604 | D:9      | Learned a level 2 spell: Blink
 16627 | D:10     | Entered Level 10 of the Dungeon
 16970 | D:10     | Reached ** piety under Ashenzari
 17223 | D:10     | Found a shimmering altar of Xom.
 17224 | D:10     | Found a shimmering altar of Xom.
 17313 | D:10     | Found a glowing golden altar of the Shining One.
 17455 | D:10     | Found a shimmering altar of Xom.
 17546 | D:11     | Noticed a gargoyle
 17546 | D:11     | Noticed a two-headed ogre
 17627 | Lair:1   | Entered Level 1 of the Lair of Beasts
 17642 | Lair:1   | Reached skill level 1 in Translocations
 17733 | Lair:1   | Noticed a torpor snail
 17735 | Lair:1   | Noticed a torpor snail
 17736 | Lair:1   | Found a snail-covered altar of Cheibriados.
 17740 | Lair:1   | Killed a torpor snail
 17744 | Lair:1   | Mangled by a torpor snail

Vault maps used:
D:1:      tarquinn_simple_flora_water_d, minmay_distorted
D:2:      uniq_sigmund
D:4:      lemuel_crystal_altar, serial_shops, shop, first_ration,
          uniq_blork_the_orc
D:5:      minmay_temple_entry_fiery
D:6:      uniq_menkaure, uniq_pikel, uniq_eustachio
D:7:      the_bakery, kennysheep_small_circle
D:8:      cheibrodos_quashed
D:9:      lair_entry_dummy
D:10:     basic_altar, xom_shifter_show
D:11:     enter_trove_3
Temple:   nicolae_temple_the_god_donut
Lair:1:   kennysheep_snail_temple

Skill      XL: |  1  2  3  4  5  6  7  8  9 10 |
---------------+-------------------------------+-----
Ice Magic      | 3 4 5 6 7 9 10 | 10.2
Spellcasting   | 3 4 5 6 7 |  7.4
Conjurations   | 2 3 4 5 6 7 |  7.5
Shields        | 1 2 3 4 |  4.0
Translocations | 1 |  1.2
Dodging        | |  1.7
Stealth        | |  1.7

Action                   |  1- 3 |  4- 6 |  7- 9 | 10-12 || total
-------------------------+-------+-------+-------+-------++-------
Melee: Spear             |    21 |       |       |       ||    21
       Trident           |     7 |    23 |       |       ||    30
       Falchion          |       |    12 |    72 |    10 ||    94
       Kick              |       |       |     7 |     9 ||    16
       Long sword        |       |       |       |    23 ||    23
 Cast: Freeze            |    34 |    35 |   110 |    34 ||   213
       Throw Frost       |    37 |    33 |    78 |    48 ||   196
       Ozocubu's Armour  |     1 |     3 |    13 |     8 ||    25
       Throw Icicle      |       |       |    23 |    26 ||    49
       Summon Ice Beast  |       |       |     7 |    11 ||    18
Invok: Curse Item        |       |     1 |     1 |     1 ||     3
  Use: Scroll            |     2 |     4 |     4 |     1 ||    11
       Potion            |       |     1 |       |     3 ||     4
 Stab: Sleeping          |       |     1 |       |     1 ||     2
  Eat: Chunk             |     9 |    11 |    11 |     8 ||    39
       Ration            |       |       |     5 |     3 ||     8
Armor: Robe              |    29 |     7 |    43 |    11 ||    90
Dodge: Dodged            |    46 |    43 |   115 |    54 ||   258
Block: Buckler           |       |     5 |    62 |    24 ||    91
       Rpst.: Falchion   |       |     3 |    29 |     5 ||    37
       Long sword        |       |       |       |     6 ||     6

Table legend:
 A = Spawn XP
 B = Non-spawn XP
 C = Spawn XP percentage of total XP
 D = Spawn monster count
 E = Non-spawn monster count
 F = Spawn count percentage of total count
 G = Total turns spent on level
                    A         B        C        D         E        F      G
               +---------+---------+-------+---------+---------+-------+---------
         Total |       0 |    8649 |   0.0 |       0 |     184 |   0.0 | 17744
               +---------+---------+-------+---------+---------+-------+---------
           D:1 |       0 |      42 |   0.0 |       0 |      16 |   0.0 |  1547
           D:2 |       0 |     162 |   0.0 |       0 |      18 |   0.0 |  1631
           D:3 |       0 |     259 |   0.0 |       0 |      22 |   0.0 |  2095
           D:4 |       0 |     271 |   0.0 |       0 |       4 |   0.0 |  1374
           D:5 |       0 |     178 |   0.0 |       0 |      12 |   0.0 |  1080
           D:6 |       0 |    1184 |   0.0 |       0 |      15 |   0.0 |  2017
           D:7 |       0 |    1679 |   0.0 |       0 |      37 |   0.0 |  3440
           D:8 |       0 |    1882 |   0.0 |       0 |      27 |   0.0 |  1945
           D:9 |       0 |    1958 |   0.0 |       0 |      23 |   0.0 |  1516
          D:10 |       0 |     661 |   0.0 |       0 |       8 |   0.0 |   965
        Lair:1 |       0 |     373 |   0.0 |       0 |       2 |   0.0 |   117
               +---------+---------+-------+---------+---------+-------+---------
